AoeStats
← a.arias.age

Pilgrims

509970038Analyzed
4v4 RM · 4d ago on Sep 28, 2026· 35m 21s· 8 players
Game mode
Random Map
Map size
Large (8 player)
Population
200
Speed
Normal
Resources
Standard
Victory
Conquest
Starting age
Dark Age
Ending age
Imperial Age
RankedLock teamsTeams togetherTeam positionsShared explorationLock speedFull tech treeHidden civsTurbo modeCheats
Victory
Defeat
🇪🇸 Persians · Spain
1272
+13
🇪🇸 Varangians · Spain
1200
+16
🇪🇸 Britons · Spain
1180
+17
🇪🇸 Bulgarians · Spain
1125
+19
🇩🇪 Vikings · Germany
1226
-17
🇹🇼 Franks · Taiwan
1208
-17
🇹🇷 Tatars · Türkiye
1203
-16
🇮🇳 Koreans · India
1175
-15
Trinidad
4:56 Loom
12:20 Feudal Age
12:55 Arson
13:25 Double-Bit Axe
15:36 Scale Mail Armor
15:48 Forging
20:32 Scale Barding Armor
22:22 Bloodlines
26:05 Castle Age
25:52 Wheelbarrow
25:34 Stone Mining
25:44 Gold Mining
26:56 Squires
26:44 Gambesons
27:16 Chain Mail Armor
27:38 Iron Casting
27:24 Chain Barding Armor
30:30 Husbandry
32:33 Pikeman
34:28 Hand Cart
DS_Jaspe
3:43 Loom
12:16 Feudal Age
16:08 Castle Age
14:00 Fishing Lines
14:19 Fletching
14:18 Double-Bit Axe
15:07 Horse Collar
17:12 Medium Warships
17:00 Bodkin Arrow
17:50 Gillnets
21:33 Bow Saw
23:35 Gold Mining
24:43 Heavy Plow
25:19 Gold Shaft Mining
25:47 Padded Archer Armor
27:39 Wheelbarrow
26:50 Town Watch
30:31 Imperial Age
28:59 Leather Archer Armor
29:17 Ballistics
29:53 Hand Cart
29:39 Town Patrol
31:00 Elite Longbowman
32:09 Heavy Warships
33:04 Chemistry
32:05 Bracer
32:36 Ring Archer Armor
32:30 Conscription
33:08 Guard Tower
34:10 Masonry
33:56 Murder Holes
a.arias.age
5:54 Loom
10:20 Feudal Age
16:07 Double-Bit Axe
16:16 Stone Mining
19:55 Fishing Lines
23:02 Castle Age
21:18 Gold Mining
23:48 Gillnets
24:09 Medium Warships
25:35 Horse Collar
29:59 Forging
30:20 Scale Barding Armor
31:41 Iron Casting
32:30 Bloodlines
32:21 Husbandry
31:58 Vendel Legacy
33:47 Chain Barding Armor
34:32 Wheelbarrow
33:43 Town Watch
vagos.fran
5:06 Loom
11:46 Feudal Age
15:53 Fletching
19:22 Castle Age
17:54 Double-Bit Axe
17:50 Horse Collar
20:12 Bow Saw
20:13 Heavy Plow
21:56 Husbandry
22:07 Bloodlines
22:35 Scale Barding Armor
25:45 Wheelbarrow
28:54 Chain Barding Armor
28:45 Forging
28:25 Town Watch
30:10 Hand Cart
36:21 Imperial Age
35:41 Iron Casting
35:17 Gold Mining
vibhuyasha
3:43 Loom
12:49 Feudal Age
14:01 Man-at-Arms
16:27 Arson
18:46 Horse Collar
24:35 Castle Age
23:13 Fletching
26:44 Bodkin Arrow
28:50 Wheelbarrow
28:17 Double-Bit Axe
29:32 Ballistics
28:54 Treadmill Crane
29:30 Fishing Lines
35:16 Imperial Age
34:22 Thumb Ring
ph1L
8:22 Loom
13:45 Feudal Age
15:21 Horse Collar
17:54 Double-Bit Axe
21:30 Castle Age
20:02 Man-at-Arms
20:37 Gold Mining
23:42 Long Swordsman
25:13 Bow Saw
25:39 Scale Mail Armor
25:58 Heavy Plow
27:26 Forging
28:04 Gold Shaft Mining
Meow嗷嗚
5:45 Loom
12:28 Feudal Age
19:43 Scale Barding Armor
25:44 Castle Age
25:47 Gold Mining
27:24 Stone Mining
28:11 Gold Shaft Mining
27:28 Double-Bit Axe
28:01 Forging
28:12 Chain Barding Armor
31:09 Iron Casting
31:07 Fortified Wall
a.tarikcam
3:24 Loom
12:22 Feudal Age
13:57 Double-Bit Axe
14:26 Fletching
19:13 Castle Age
17:34 Horse Collar
20:29 Wheelbarrow
Connection lost

Rejoining the realm…

Still unreachable

The connection could not be restored.

Session expired

The server has moved on; the page needs a fresh start.